 Dungeon Crawl Stone Soup version 0.26-a0-639-g72c4674329 (webtiles) character file.

Game seed: 13717406408313724902

470560 platon the Maledictor (level 23, -20/143 HPs)
             Began as a Vampire Delver on Sept 17, 2020.
             Was the Champion of Dithmenos.
             Killed from afar by a deep elf annihilator (52 damage)
             ... with a crystal spear
             ... on level 3 of the Elven Halls.
             The game lasted 06:15:05 (64222 turns).

platon the Maledictor (Vampire Delver)             Turns: 64222, Time: 06:15:06

Health: -20/143    AC: 33    Str: 13    XL:     23   Next: 53%
Magic:  40/53      EV: 21    Int: 27    God:    Dithmenos [******]
Gold:   5389       SH:  5    Dex: 20    Spells: 18/55 levels left

rFire    + + .     SeeInvis +   a - +8 dagger (drain)
rCold    + + +     Faith    .   (no shield)
rNeg     + + +     Spirit   .   Z - +10 scale mail of Siqam {Dex+4}
rPois    ∞         Reflect  +   t - +3 hat of Pondering {ponderous, MR+ MP+10 Int+5}
rElec    .         Harm     .   T - +2 cloak
rCorr    .         Rampage  .   X - +2 pair of gloves {Dex+3}
MR       +++++                  f - +2 pair of boots {Stlth+}
Stlth    ++++++++++             C - amulet of reflection
HPRegen  0.00/turn              j - ring "Maunluov" {rF+ rC++ MR+ Str-2 Int+6}
MPRegen  0.33/turn              q - ring of Qaro {rF+ rC+ MR+ Dex-5 Slay+3}

@: marked, bloodless, wreathed by umbra, slow
A: fangs 3, see invisible, unbreathing
}: 2/15 runes: barnacled, gossamer
a: Bat Form, Revivify, Shadow Step, Shadow Form, Renounce Religion


You were on level 3 of the Elven Halls.
You worshipped Dithmenos.
Dithmenos was exalted by your worship.
You visited 8 branches of the dungeon, and saw 40 of its levels.
You also visited: Gauntlet and Ice Cave.

You collected 5790 gold pieces.
You spent 401 gold pieces at shops.

Inventory:

Hand Weapons
 a - a +8 dagger of draining (weapon)
 b - the +9 falchion "Plog" {freeze, Int+2}
   (You found it on level 6 of the Lair of Beasts)

   It has been specially enchanted to freeze those struck by it, causing extra
   injury to most foes and up to half again as much damage against particularly
   susceptible opponents.
   It can also slow down cold-blooded creatures.
   It affects your intelligence (+2).
 s - a +2 long sword of flaming
 E - the +0 short sword "Zutu" {venom, Str+3 Int+4}
   (You found it on level 4 of the Shoals)

   It poisons the flesh of those it strikes.
   It affects your strength (+3).
   It affects your intelligence (+4).
Missiles
 h - 57 javelins (quivered)
 m - 109 poisoned darts
 G - 11 atropa-tipped darts
 J - 9 silver javelins
 R - 7 throwing nets
 Y - 9 datura-tipped darts
Armour
 f - a +2 pair of boots of stealth (worn)
 t - the +3 hat of Pondering (worn) {ponderous, MR+ MP+10 Int+5}
   (You took it off Gastronok on level 1 of the Orcish Mines)

   It affects your intelligence (+5).
   It affects your resistance to hostile enchantments.
   It affects your magic capacity (+10).
 v - the +2 hat "Earthly Heaven" {rCorr Str+4}
   (You found it on level 2 of the Vaults)

   It affects your strength (+4).
   It provides partial protection from all sources of acid and corrosion.
 T - a +2 cloak (worn)
 V - a scarf of resistance
 X - a +2 pair of gloves of dexterity (worn)
 Z - the +10 scale mail of Siqam (worn) {Dex+4}
   (You found it on level 1 of the Spider Nest)

   It affects your dexterity (+4).
Jewellery
 j - the ring "Maunluov" (left hand) {rF+ rC++ MR+ Str-2 Int+6}
   (You acquired it on level 9 of the Dungeon)

   [ring of intelligence]

   It affects your strength (-2).
   It affects your intelligence (+6).
   It protects you from fire.
   It greatly protects you from cold.
   It affects your resistance to hostile enchantments.
 q - the ring of Qaro (right hand) {rF+ rC+ MR+ Dex-5 Slay+3}
   (You acquired it on level 13 of the Dungeon)

   [ring of protection from fire]

   It affects your dexterity (-5).
   It affects your accuracy and damage with ranged weapons and melee attacks
   (+3).
   It protects you from fire.
   It protects you from cold.
   It affects your resistance to hostile enchantments.
 y - an uncursed ring of wizardry
 z - a +6 ring of strength
 C - an amulet of reflection (around neck)
 F - the ring "Xebbukig" {rCorr Dex+5 Stlth-}
   (You took it off a wight on level 8 of the Dungeon)

   [ring of resist corrosion]

   It affects your dexterity (+5).
   It provides partial protection from all sources of acid and corrosion.
   It makes you less stealthy.
 K - a +6 ring of strength
Wands
 g - a wand of digging (7)
 D - a wand of acid (36)
 Q - a wand of disintegration (64)
 S - a wand of paralysis (20)
Scrolls
 c - 4 scrolls of fog
 d - a scroll of blinking
 e - 2 scrolls of fear
 k - 4 scrolls of enchant armour
 p - 2 scrolls of immolation
 r - 4 scrolls of amnesia
 u - 10 scrolls of identify
 w - 5 scrolls of magic mapping
 A - a scroll of teleportation
 B - 18 scrolls of remove curse
 H - 2 scrolls of summoning
Potions
 i - 5 potions of might
 l - 4 potions of ambrosia
 n - 7 potions of brilliance
 o - a potion of heal wounds
 x - a potion of magic
 I - 5 potions of flight
 M - 2 potions of cancellation
 O - a potion of resistance
 P - 2 potions of haste
 U - a potion of invisibility


   Skills:
 * Level 14.4 Fighting
 + Level 11.7(12.2) Short Blades
 + Level 5.1(8.7) Long Blades
 + Level 5.9 Throwing
 * Level 13.2 Armour
 * Level 17.1 Dodging
 - Level 20.0 Stealth
 * Level 16.8 Spellcasting
 + Level 2.0 Conjurations
 * Level 22.0 Hexes
 + Level 0.3 Translocations
 + Level 1.4 Transmutations
 + Level 1.2 Fire Magic
 + Level 6.2 Ice Magic
 + Level 4.9 Air Magic
 + Level 6.7 Poison Magic
 + Level 0.1 Invocations
 + Level 3.0 Evocations


You had 18 spell levels left.
You knew the following spells:

 Your Spells              Type           Power        Failure   Level
a - Confusing Touch       Hex            #######.     0%          3
b - Ensorcelled Hibernat  Hex/Ice        ######       1%          2
c - Tukima's Dance        Hex            #######.     0%          3
d - Slow                  Hex            #######.     0%          2
e - Blink                 Tloc           N/A          9%          2
f - Mephitic Cloud        Conj/Pois/Air  #####...     3%          3
g - Metabolic Englaciati  Hex/Ice        #######...   1%          5
h - Dazzling Flash        Conj/Hex       ######       1%          3
i - Summon Guardian Gole  Hex/Summ       ######..     1%          3
j - Cause Fear            Hex            #######...   0%          4
k - Olgreb's Toxic Radia  Pois           ######..     4%          4
l - Ignite Poison         Fire/Tmut/Pois #####...     5%          3

Your spell library contained the following spells:

 Spells                   Type           Power        Failure   Level
 Corona                   Hex            #######      0%          1
 Sting                    Tmut/Pois      ####         1%          1
 Poisonous Vapours        Pois/Air       ######       1%          2
 Inner Flame              Hex/Fire       ######..     1%          3
 Yara's Violent Unravell  Hex/Tmut       ######....   1%          5
 Beastly Appendage        Tmut           ####..       3%          1
 Foxfire                  Conj/Fire      ####         3%          1
 Magic Dart               Conj           ####         3%          1
 Spider Form              Tmut/Pois      #####.....   3%          3
 Wereblood                Tmut           ####....     5%          2
 Summon Small Mammal      Summ           ###.         6%          1
 Sandblast                Erth           ###...       7%          1
 Passwall                 Tmut/Erth      ####....     8%          2
 Call Imp                 Summ           ###.....     10%         2
 Conjure Flame            Conj/Fire      ####....     11%         3
 Stone Arrow              Conj/Erth      ####..       13%         3
 Ice Form                 Ice/Tmut       #####...     14%         4
 Gell's Gravitas          Tloc           ###.......   17%         3
 Call Canine Familiar     Summ           ###.....     19%         3
 Summon Ice Beast         Ice/Summ       #####...     19%         4
 Summon Lightning Spire   Summ/Air       #####...     24%         4
 Sticky Flame             Conj/Fire      ####....     34%         4
 Petrify                  Tmut/Erth      ####....     43%         4
 Ozocubu's Refrigeration  Ice            ######....   61%         6
 Iskenderun's Battlesphe  Conj           ####....     63%         5
 Fireball                 Conj/Fire      ####......   67%         5
 Blade Hands              Tmut           ####......   69%         5
 Bolt of Magma            Conj/Fire/Erth ####......   75%         5
 Freezing Cloud           Conj/Ice/Air   #####.....   86%         6
 Lee's Rapid Deconstruct  Erth           ###.......   88%         5
 Simulacrum               Ice/Necr       #####.....   95%         6
 Iron Shot                Conj/Erth      ####......   100%        6
 Dragon Form              Tmut           ####......   100%        7
 Orb of Destruction       Conj           ####......   100%        7
 Spellforged Servitor     Conj/Summ      ####......   100%        7
 Dragon's Call            Summ           ###.......   100%        9


Dungeon Overview and Level Annotations

Branches:
Dungeon (15/15)            Temple (1/1) D:7            Lair (6/6) D:11
 Shoals (4/4) Lair:4       Spider (4/4) Lair:3        Slime (0/5) Lair:6
    Orc (2/2) D:10            Elf (3/3) Orc:2        Vaults (5/5) D:13
  Crypt (0/3) Vaults:2     Depths (0/5) D:15          IceCv (visited)
Gauntlet (visited)

Altars:
Ashenzari
Cheibriados
Dithmenos
Elyvilon
Fedhas
Gozag
Hepliaklqana
Kikubaaqudgha
Makhleb
Nemelex Xobeh
Okawaru
Qazlal
Ru
Sif Muna
Trog
Uskayaw
Vehumet
Wu Jian
Xom
Yredelemnul
Zin
The Shining One
Beogh
Jiyva

Shops:
D:8 *   D:15 }   Orc:2 !((*   Elf:2 *   Shoals:1 }   Shoals:4 [*   Vaults:1 *
Vaults:4 *

Portals:
Bazaar: Vaults:2

Annotations:
D:11 2 transporters
Lair:6 1 runed translucent door


Innate Abilities, Weirdness & Mutations

You do not regenerate when monsters are visible.
You are frail without blood (-20% HP).
You can heal yourself when you bite living creatures.
You are immune to poison.
You have razor-sharp teeth.
You have supernaturally acute eyesight. (SInv)
You can survive without breathing.


Message History

The deep elf sorcerer gestures wildly while chanting.
The deep elf sorcerer seems to speed up.
You see here an arrow.
The deep elf high priest invokes the aid of its god against you.
The sphere of damnation explodes!
The damnation engulfs you!!
* * * LOW HITPOINT WARNING * * *
The deep elf annihilator mumbles some strange words.
The deep elf annihilator blinks!
Things that are here:
a +0 short sword; a +0 shortbow; 24 arrows Unknown command.
The deep elf annihilator casts a spell at you.
The bolt of lightning misses you.
Things that are here:
a +0 shortbow; 22 arrows; a +0 ring mail Unknown command.
Unknown command.
The deep elf annihilator gestures at you while chanting.
The crystal spear hits you!!!
You die...

.........))...))........).)......
##'############)###########'#####
..........#........)#.......'....
.....)....'......)..#.......#....
..........#........)'.......#(...
##############.)....#############
*** #.#.#.## *** ***,*** ###.###
***,*** *,,,,,** ##..@).##
**,,,,,*
,,,,,,,***###...e...###***,,,,,,,
,,,,,,,,,*#.....x.e)..#*,,,,,,,,,
,,,,,,,,,*#....)(.....#*,,,,,,,,,
,,,,,,,,,*#.....ex....#*,,,,,*,,,
,,**,,,,,*#.....)....)#*,,,,***,,
,,,*,,,.,*#.....).....#*,,,,,*,,,
,,,,,,,..*#.[...ee....#*,,,,,,,,,
,,,,,,,...###.......###,,,,,,,,,,


You could see a deep elf blademaster (very poisoned), a deep elf annihilator
(empowered, poisoned), a deep elf sorcerer (fast, empowered, very poisoned), 2
deep elf high priests, a small abomination and a crawling corpse.

Vanquished Creatures
  Mara (Vaults:4)
  Sojobo (Vaults:2)
  Xtahua (Vaults:4)
  Nikola (Shoals:1)
  An Ice Fiend (IceCv)
  2 liches
  Asterion (Elf:1)
  3 deep elf blademasters
  Polyphemus (Shoals:3)
  Gastronok (Orc:1)
  Frances (D:13)
  2 sphinxes
  4 tengu reavers
  The ghost of harkrass the Hoplite, an adept MiFi of Gozag (Shoals:3)
  An orc warlord (Orc:2)
  20 vault wardens
  3 fire giants
  7 deep elf sorcerers
  A frost giant (Vaults:4)
  7 emperor scorpions (Spider:4)
  An iron dragon (Vaults:5)
  4 ghost moths
  The ghost of toffzen the Basher, a journeyman PaBe of Trog (Lair:6)
  5 deep elf elementalists (Elf:3)
  2 very ugly things (Vaults:2)
  12 ironheart preservers
  9 stone giants
  3 deep elf demonologists
  3 entropy weavers
  10 deep elf annihilators
  A minotaur (Gauntlet)
  3 fire dragons
  2 ettins (Vaults:5)
  7 merfolk impalers
  A jiangshi (Vaults:2)
  7 deep elf death magi
  3 merfolk javelineers
  8 deep elf high priests
  22 vault guards
  5 ice dragons
  8 yaktaur captains
  A rakshasa (Vaults:1)
  8 hydras
  5 great orbs of eyes
  Fannar (D:11)
  An anaconda (Lair:6)
  5 catoblepae
  5 merfolk avatars
  Erica (D:9)
  A queen ant (Gauntlet)
  9 merfolk aquamancers
  7 centaur warriors
  31 dancing weapons
  50 two-headed ogres
  16 ogre magi
  6 satyrs
  2 alligator snapping turtles
  22 death yaks
  A deep troll shaman (Vaults:3)
  2 death knights
  2 tengu warriors
  A deep troll earth mage (Vaults:3)
  4 orc high priests
  12 deep elf knights
  3 shadow wraiths
  11 skeletal warriors
  A fire crab (D:13)
  A large abomination (Elf:3)
  A hell knight (D:11)
  11 sea snakes
  5 wizards
  A glowing orange brain (Vaults:3)
  4 unseen horrors
  10 deep trolls
  13 deep elf archers
  A shadow dragon zombie (Vaults:3)
  12 orc knights
  Pikel (D:7)
  A harpy (shapeshifter) (Vaults:3)
  26 harpies
  73 deep elf magi
  4 necromancers
  11 ironbrand convokers
  An orange crystal statue (D:12)
  A phantasmal warrior (Vaults:5)
  A stone giant zombie (Vaults:3)
  36 wolf spiders
  12 orb spiders
  42 ugly things
  7 orc sorcerers
  2 oklob plants (Lair:3)
  A manticore (shapeshifter) (Vaults:1)
  17 manticores
  A tengu skeleton (Vaults:1)
  7 fauns
  A cyclops (shapeshifter) (Elf:2)
  3 ice statues
  12 cyclopes
  6 elephants (Lair:6)
  8 black mambas
  A moth of wrath (Spider:4)
  7 water nymphs
  9 merfolk sirens
  13 vault sentinels
  3 gargoyles
  Psyche (D:9)
  A torpor snail (Spider:2)
  7 komodo dragons
  2 cane toads (shapeshifter)
  A storm dragon simulacrum (Vaults:1)
  10 cane toads
  10 demonic crawlers
  2 efreet (D:13)
  2 rime drakes
  4 ice devils (IceCv)
  3 anaconda simulacra (IceCv)
  39 yaktaurs
  6 freezing wraiths
  2 tengu conjurers
  A hellwing (Gauntlet)
  2 rime drakes (shapeshifter)
  An entropy weaver simulacrum (Vaults:2)
  18 merfolk
  6 trolls
  8 wind drakes
  A jumping spider (shapeshifter) (Vaults:4)
  3 meliai (Spider:4)
  29 jumping spiders
  A queen bee (Spider:4)
  3 harpy zombies (Shoals:2)
  A hornet (shapeshifter) (Vaults:4)
  7 hornets
  4 polar bears (Lair:1)
  10 hippogriffs
  17 slime creatures
  27 blink frogs
  9 dream sheep
  An ettin zombie (Vaults:3)
  A blink frog (shapeshifter) (D:15)
  12 snapping turtles
  An ettin skeleton (Vaults:3)
  70 redbacks
  3 shadows
  4 wyverns
  5 wraiths
  A basilisk (D:15)
  3 air elementals
  2 vampires
  2 dire elephant simulacra (IceCv)
  70 yaks
  34 tarantellas
  17 water elementals
  A yak (shapeshifter) (Vaults:3)
  2 fire elementals
  A steam dragon (D:11)
  A yaktaur simulacrum (Vaults:3)
  Grum (D:9)
  A death yak simulacrum (IceCv)
  17 vampire mosquitoes
  4 wargs
  Menkaure (D:7)
  The ghost of LostGamesStreakFreak the Stinger, an amateur MfVM (D:3)
  A human simulacrum (Vaults:2)
  7 soldier ants
  2 iron troll simulacra (IceCv)
  2 swamp worms (Gauntlet)
  5 acid dragons
  6 harpy simulacra (IceCv)
  12 water moccasins
  7 hell hounds (D:11)
  2 hydra simulacra (IceCv)
  12 porcupines
  48 orc warriors
  6 sky beasts
  An ice beast (shapeshifter) (Elf:1)
  An ogre skeleton (Vaults:1)
  2 black bears
  2 alligator simulacra (IceCv)
  4 ice beasts
  63 ogres
  5 phantoms
  42 wolves
  15 centaurs
  2 human skeletons (Vaults:1)
  13 crocodiles
  A hippogriff zombie (Shoals:2)
  3 big kobolds
  32 bullfrogs
  A gnoll sergeant (D:10)
  3 earth elementals
  A scorpion (D:4)
  A wyvern skeleton (D:15)
  An elephant simulacrum (IceCv)
  21 killer bees
  An elf simulacrum (Vaults:3)
  14 wights
  4 howler monkeys
  12 electric eels
  2 bullfrog zombies (D:13)
  6 centaur zombies
  5 draconian simulacra (IceCv)
  2 quasits
  6 jellies
  5 centaur skeletons
  Crazy Yiuf (D:7)
  9 hounds
  19 orc wizards
  3 bullfrog skeletons
  38 orc priests
  12 worker ants
  2 iguanas
  5 troll simulacra (IceCv)
  Terence (D:2)
  A statue (D:4)
  A wolf simulacrum (IceCv)
  2 centaur simulacra (IceCv)
  2 hound zombies
  2 hound skeletons (D:6)
  A howler monkey zombie (D:11)
  3 worker ant zombies
  7 gnolls
  2 naga simulacra (IceCv)
  23 adders
  2 ogre simulacra (IceCv)
  2 shadow imps
  11 white imps
  7 ufetubi
  An ooze (D:3)
  2 adder zombies
  2 adder skeletons (D:5)
  3 worms
  A worm (shapeshifter) (Vaults:3)
  A dart slug (D:1)
  6 leopard geckos
  147 orcs
  An orc (shapeshifter) (D:13)
  3 bats (D:2)
  2 bat zombies (Shoals:2)
  15 giant cockroaches
  12 goblins
  7 hobgoblins
  13 jackals
  24 kobolds
  6 quokkas
  2 ball pythons
  2 frilled lizards
  A giant cockroach zombie (D:6)
  A leopard gecko skeleton (D:9)
  A quokka zombie (D:5)
  4 rats
  7 crawling corpses
2046 creatures vanquished.

Vanquished Creatures (collateral kills)
  Jory (Vaults:2)
  3 vault wardens
  An ironheart preserver (Vaults:1)
  A merfolk impaler (Shoals:4)
  2 ogre magi
  6 vault guards
  A tengu warrior (D:15)
  6 two-headed ogres
  An orc high priest (Orc:2)
  Urug (D:13)
  5 hell knights (D:11)
  2 ironbrand convokers
  A necromancer (D:11)
  3 orc knights
  3 fauns
  2 ugly things (Vaults:2)
  A vault sentinel (Vaults:2)
  2 merfolk sirens (Shoals:1)
  A gargoyle (D:13)
  3 yaktaurs
  11 merfolk
  8 orc warriors
  A centaur (D:9)
  3 ogres
  4 wights
  3 orc priests
  2 orc wizards
  A gnoll (D:8)
  6 orcs
  A bat zombie (Shoals:2)
86 creatures vanquished.

Vanquished Creatures (others)
  A deep elf master archer (Elf:3)
  An ogre mage (Vaults:3)
  A two-headed ogre (Vaults:2)
  A deep elf knight (Elf:3)
  A tarantella (Spider:2)
  25 dancing weapons
  A centaur (Lair:4)
  2 ogres
  An electric eel (D:11)
  A white imp (IceCv)
  2 ufetubi (IceCv)
  A leopard gecko (D:11)
  An orc (Vaults:5)
  A kobold (D:14)
  2 crawling corpses (Elf:3)
  30 fungi
  213 plants
285 creatures vanquished.

Grand Total: 2417 creatures vanquished

Notes
Turn   | Place    | Note
-------+----------+-------------------------------------------
     0 | D:5      | platon the Vampire Delver began the quest for the Orb.
     0 | D:5      | Reached XP level 1. HP: 17/17 MP: 1/1
    64 | D:4      | Noticed a worker ant
    76 | D:4      | Killed a worker ant
    76 | D:4      | Reached skill level 1 in Armour
    76 | D:4      | Reached XP level 2. HP: 7/19 MP: 1/3
    76 | D:4      | Reached XP level 3. HP: 9/23 MP: 1/4
   101 | D:4      | Noticed an ogre
   395 | D:4      | Reached skill level 1 in Spellcasting
   395 | D:4      | Reached XP level 4. HP: 26/28 MP: 5/5
   715 | D:5      | Reached XP level 5. HP: 28/32 MP: 7/7
  1206 | D:4      | Found a radiant altar of Vehumet.
  1206 | D:4      | Noticed a frost-covered statue
  1405 | D:4      | Killed an ogre
  1405 | D:4      | Reached XP level 6. HP: 38/38 MP: 9/9
  2554 | D:5      | Found a glowing golden altar of the Shining One.
  2757 | D:4      | Reached XP level 7. HP: 43/43 MP: 10/10
  2764 | D:4      | Reached skill level 1 in Throwing
  3372 | D:6      | Learned a level 3 spell: Confusing Touch
  3375 | D:6      | Learned a level 2 spell: Ensorcelled Hibernation
  3379 | D:6      | Learned a level 3 spell: Tukima's Dance
  3645 | D:6      | Found a hazy altar of Hepliaklqana.
  3691 | D:6      | Reached skill level 1 in Hexes
  3993 | D:6      | Reached skill level 5 in Short Blades
  4290 | D:6      | Reached skill level 2 in Hexes
  4290 | D:6      | Reached XP level 8. HP: 48/48 MP: 12/12
  4912 | D:6      | Reached skill level 5 in Fighting
  5506 | D:6      | Found a basalt altar of Yredelemnul.
  5738 | D:7      | Noticed Pikel
  6216 | D:6      | Reached skill level 3 in Hexes
  6262 | D:7      | Reached skill level 5 in Dodging
  6265 | D:7      | Found a basalt altar of Yredelemnul.
  6423 | D:7      | Reached skill level 4 in Hexes
  6480 | D:7      | Found a staircase to the Ecumenical Temple.
  6489 | Temple   | Entered the Ecumenical Temple
  6608 | Temple   | Became a worshipper of Dithmenos the Shadowed
  6726 | D:7      | Found a glowing silver altar of Zin.
  6769 | D:7      | Killed Pikel
  6769 | D:7      | Reached skill level 5 in Hexes
  6769 | D:7      | Reached XP level 9. HP: 33/55 MP: 13/15
  7363 | D:7      | Noticed Menkaure
  7387 | D:7      | Learned a level 2 spell: Slow
  7520 | D:3      | Reached * piety under Dithmenos
  7672 | D:3      | Found an opulent altar of Gozag.
  7812 | D:3      | Found a transporter.
  7832 | D:3      | Noticed LostGamesStreakFreak's ghost (amateur MfVM)
  7911 | D:3      | Found a transporter.
  8054 | D:3      | Reached ** piety under Dithmenos
  8738 | D:2      | Noticed Terence
  8759 | D:2      | Killed Terence
  9718 | D:1      | Found a roughly hewn altar of Beogh.
 10172 | D:1      | Learned a level 2 spell: Blink
 10176 | D:1      | Learned a level 3 spell: Mephitic Cloud
 10378 | D:7      | Killed Menkaure
 10527 | D:7      | Reached *** piety under Dithmenos
 10726 | D:7      | Found a runed translucent door.
 10727 | D:7      | Noticed Crazy Yiuf
 10733 | D:7      | Killed Crazy Yiuf
 10977 | D:8      | Reached skill level 6 in Hexes
 11046 | D:8      | Found Himiut's Assorted Antiques.
 11170 | D:8      | Got a twisted scythe
 11245 | D:8      | Reached skill level 5 in Spellcasting
 11311 | D:8      | Noticed a cyclops
 11347 | D:8      | Found a stormy altar of Qazlal.
 11369 | D:8      | Reached XP level 10. HP: 22/60 MP: 11/17
 11613 | D:8      | Reached skill level 7 in Hexes
 11914 | D:8      | Reached skill level 5 in Armour
 12001 | D:8      | Identified the ring "Xebbukig" {rCorr Dex+5 Stlth-}
 12339 | D:8      | Killed a cyclops
 12837 | D:9      | Noticed Erica
 12860 | D:9      | Reached skill level 8 in Hexes
 12860 | D:9      | Reached skill level 1 in Poison Magic
 12933 | D:9      | Found a sacrificial altar of Ru.
 12935 | D:9      | Found an iron altar of Okawaru.
 12935 | D:9      | Found a sparkling altar of Nemelex Xobeh.
 12947 | D:9      | Noticed a two-headed ogre
 13241 | D:9      | Killed Erica
 13241 | D:9      | Reached **** piety under Dithmenos
 13241 | D:9      | Reached skill level 1 in Ice Magic
 13289 | D:9      | Killed a two-headed ogre
 13289 | D:9      | Reached XP level 11. HP: 24/66 MP: 8/20
 13456 | D:9      | Noticed Grum
 13462 | D:9      | Killed Grum
 13699 | D:9      | Noticed Psyche
 13704 | D:9      | Killed Psyche
 13704 | D:9      | Reached skill level 9 in Hexes
 13735 | D:9      | Found a hide-covered altar of Uskayaw.
 13902 | D:9      | Identified a scroll of acquirement
 13902 | D:9      | Acquired the ring "Maunluov" {rF+ rC++ MR+ Str-2 Int+6}
 13944 | D:10     | Entered Level 10 of the Dungeon
 13971 | D:10     | Found a staircase to the Orcish Mines.
 14460 | D:10     | Noticed an unseen horror
 14470 | D:10     | Killed an unseen horror
 14470 | D:10     | Reached skill level 10 in Stealth
 15012 | Orc:1    | Entered Level 1 of the Orcish Mines
 15197 | Orc:1    | You fall into a shaft and drop 1 floor!
 15197 | Orc:2    | Entered Level 2 of the Orcish Mines
 15235 | Orc:2    | Reached ***** piety under Dithmenos
 15288 | Orc:2    | Noticed a two-headed ogre
 15358 | Orc:2    | Killed a two-headed ogre
 15358 | Orc:2    | Reached skill level 1 in Air Magic
 15373 | Orc:2    | Noticed a two-headed ogre
 15454 | Orc:2    | Killed a two-headed ogre
 15679 | Orc:2    | Reached skill level 10 in Hexes
 15835 | Orc:2    | Noticed a two-headed ogre
 15843 | Orc:2    | Noticed a two-headed ogre
 15844 | Orc:2    | Killed a two-headed ogre
 15845 | Orc:2    | Noticed a two-headed ogre
 15866 | Orc:2    | Killed a two-headed ogre
 16093 | Orc:2    | Killed a two-headed ogre
 16243 | Orc:2    | Noticed an orc knight
 16244 | Orc:2    | Found Fyttiw's Weapon Shoppe.
 16267 | Orc:2    | Killed an orc knight
 16267 | Orc:2    | Reached XP level 12. HP: 60/72 MP: 11/22
 16338 | Orc:2    | Found Manuwn's Distillery.
 16392 | Orc:2    | Found a roughly hewn altar of Beogh.
 16393 | Orc:2    | Found Zebozigu's Weapon Shoppe.
 16394 | Orc:2    | Noticed an orc high priest
 16396 | Orc:2    | Killed an orc high priest
 16497 | Orc:2    | Noticed an orc warlord
 16980 | Orc:2    | Killed an orc warlord
 17067 | Orc:2    | Reached skill level 11 in Hexes
 17129 | Orc:2    | Found a roughly hewn altar of Beogh.
 17187 | Orc:2    | Noticed an orc high priest
 17632 | Orc:2    | Killed an orc high priest
 17780 | Orc:2    | Noticed an orc high priest
 17793 | Orc:2    | Killed an orc high priest
 17843 | Orc:2    | Found Dempan's Assorted Antiques.
 17844 | Orc:2    | Noticed an orc high priest
 17976 | Orc:2    | Reached ****** piety under Dithmenos
 17992 | Orc:2    | Killed an orc high priest
 18003 | Orc:2    | Bought a scroll labeled EZXOLUM ACEAXE for 30 gold pieces
 18003 | Orc:2    | Bought 2 scrolls labeled DIUCUKE SARO for 60 gold pieces
 18346 | Orc:2    | Bought a potion of mutation for 88 gold pieces
 18346 | Orc:2    | Bought 2 potions of might for 88 gold pieces
 18346 | Orc:2    | Bought a potion of might for 44 gold pieces
 18346 | Orc:2    | Bought a potion of heal wounds for 55 gold pieces
 18376 | Orc:2    | Noticed a two-headed ogre
 18392 | Orc:2    | Killed a two-headed ogre
 18591 | Orc:2    | Reached skill level 12 in Hexes
 18825 | Orc:2    | Found a staircase to the Elven Halls.
 19092 | Orc:1    | Noticed Gastronok
 19461 | Orc:1    | Killed Gastronok
 19461 | Orc:1    | Reached XP level 13. HP: 22/78 MP: 23/26
 19955 | D:11     | Noticed Fannar
 20006 | D:11     | Killed Fannar
 20477 | D:11     | You fall into a shaft and drop 1 floor!
 20594 | D:11     | Found a transporter.
 20596 | D:11     | Found a transporter.
 20686 | D:11     | Reached skill level 10 in Dodging
 21518 | D:11     | Found a staircase to the Lair.
 21816 | D:3      | Killed LostGamesStreakFreak's ghost
 22390 | Lair:1   | Entered Level 1 of the Lair of Beasts
 22452 | Lair:1   | Found a gate leading to a gauntlet.
 22467 | Lair:1   | Learned a level 5 spell: Metabolic Englaciation
 22471 | Lair:1   | Learned a level 3 spell: Dazzling Flash
 22472 | Gauntlet | Entered a Gauntlet
 22472 | Gauntlet | Found a transporter.
 22472 | Gauntlet | Found a transporter.
 22481 | Gauntlet | Found a transporter.
 22487 | Gauntlet | Found a transporter.
 22608 | Gauntlet | Found a transporter.
 22620 | Gauntlet | Found a transporter.
 22626 | Gauntlet | Got an ancient helmet
 22637 | Gauntlet | Identified the +0 helmet of the Sunfish {rPois rC+++ MR-
                  | Str-3} (You found it in a Gauntlet)
 22646 | Gauntlet | Noticed a reaper
 22701 | Gauntlet | Found a transporter.
 22739 | Gauntlet | Noticed a minotaur
 22739 | Gauntlet | Noticed a blizzard demon
 22791 | Gauntlet | Killed a minotaur
 22855 | Gauntlet | Found a transporter.
 23228 | Lair:1   | Got a flickering granite ring
 23230 | Lair:1   | Identified the ring of Bohuxor {Str+2 Stlth-} (You found it
                  | on level 1 of the Lair of Beasts)
 23285 | Lair:1   | Got a crude rapier
 23286 | Lair:1   | Identified the +6 rapier of the Abyss {flame, +Blink rF+++
                  | Dex-5 SInv} (You found it on level 1 of the Lair of Beasts)
 23522 | Lair:2   | Reached XP level 14. HP: 86/86 MP: 27/27
 23855 | Lair:2   | Reached skill level 10 in Spellcasting
 24138 | Lair:2   | Reached skill level 13 in Hexes
 24579 | Lair:3   | Found a hole to the Spider Nest.
 26161 | Lair:4   | Found a staircase to the Shoals.
 26821 | Lair:5   | Reached skill level 5 in Poison Magic
 27681 | Lair:6   | Entered Level 6 of the Lair of Beasts
 28027 | Lair:6   | Found a runed translucent door.
 28034 | Lair:6   | Found a viscous altar of Jiyva.
 28034 | Lair:6   | Found a staircase to the Slime Pits.
 28034 | Lair:6   | Noticed an acid blob
 28052 | Lair:6   | Found a large runed translucent door.
 28052 | Lair:6   | Found a large runed translucent door.
 28193 | Lair:6   | Reached XP level 15. HP: 86/91 MP: 29/29
 28325 | Lair:6   | Reached skill level 14 in Hexes
 28887 | Lair:6   | Noticed toffzen's ghost (journeyman PaBe)
 28921 | Lair:6   | Killed toffzen's ghost
 29212 | Lair:6   | Got a scorched falchion
 29213 | Lair:6   | Identified the +9 falchion "Plog" {freeze, Int+2} (You
                  | found it on level 6 of the Lair of Beasts)
 29366 | Spider:1 | Entered Level 1 of the Spider Nest
 29586 | Shoals:1 | Entered Level 1 of the Shoals
 30140 | Shoals:1 | Reached skill level 10 in Fighting
 30184 | Shoals:1 | Noticed Nikola
 30397 | Shoals:1 | Killed Nikola
 30421 | Shoals:1 | Reached skill level 10 in Short Blades
 30428 | Shoals:1 | Found Horuweq's Gadget Shoppe.
 30901 | Shoals:2 | Reached skill level 1 in Evocations
 31079 | Shoals:2 | Reached XP level 16. HP: 66/97 MP: 31/31
 31142 | Shoals:2 | Reached skill level 15 in Hexes
 31627 | Shoals:3 | Noticed Polyphemus
 31667 | Shoals:3 | Found a frozen archway.
 31722 | IceCv    | Entered an ice cave
 32716 | IceCv    | Noticed an Ice Fiend
 32928 | IceCv    | Killed an Ice Fiend
 33313 | Shoals:4 | Entered Level 4 of the Shoals
 33806 | Shoals:3 | Found a large runed translucent door.
 33806 | Shoals:3 | Found a large runed translucent door.
 33816 | Shoals:3 | Noticed harkrass's ghost (adept MiFi)
 33878 | Shoals:3 | Killed harkrass's ghost
 34225 | Shoals:3 | Killed Polyphemus
 34228 | Shoals:3 | Reached skill level 16 in Hexes
 34651 | Shoals:3 | Reached skill level 15 in Stealth
 34991 | Shoals:4 | Found Ceugorph's Armour Shoppe.
 35070 | Shoals:4 | Reached skill level 10 in Armour
 35527 | Shoals:4 | Reached XP level 17. HP: 59/103 MP: 33/33
 35763 | Shoals:4 | Got a barnacled rune of Zot
 35912 | Shoals:4 | Got a warped short sword
 35915 | Shoals:4 | Identified the +0 short sword "Zutu" {venom, Str+3 Int+4}
                  | (You found it on level 4 of the Shoals)
 36203 | Shoals:4 | Found Giathis's General Store.
 36211 | Shoals:4 | Bought a scroll of teleportation for 36 gold pieces
 36638 | Lair:6   | Reached skill level 5 in Throwing
 36638 | Lair:6   | Reached XP level 18. HP: 108/108 MP: 34/34
 36793 | Spider:1 | Learned a level 3 spell: Summon Guardian Golem
 37688 | Spider:1 | Got a polished scale mail
 37700 | Spider:1 | Identified the +10 scale mail of Siqam {Dex+4} (You found
                  | it on level 1 of the Spider Nest)
 38967 | D:12     | Reached skill level 17 in Hexes
 39504 | D:13     | Noticed Frances
 39515 | D:13     | Killed Frances
 39791 | D:13     | Acquired the ring of Qaro {rF+ rC+ MR+ Dex-5 Slay+3}
 39921 | D:13     | Noticed Urug
 39928 | D:13     | Killed Urug
 40054 | D:13     | Found a gate to the Vaults.
 40086 | D:13     | Reached skill level 1 in Long Blades
 41325 | D:15     | Entered Level 15 of the Dungeon
 41464 | D:15     | Reached XP level 19. HP: 114/115 MP: 35/35
 41472 | D:15     | Reached skill level 1 in Conjurations
 42087 | D:15     | Found a snail-covered altar of Cheibriados.
 42340 | D:15     | Found a staircase to the Depths.
 42526 | D:15     | Found Ywkorrai's Gadget Emporium.
 44596 | Spider:4 | Entered Level 4 of the Spider Nest
 45312 | Spider:4 | Reached skill level 5 in Ice Magic
 45803 | Spider:4 | Reached skill level 18 in Hexes
 47052 | Spider:4 | Got a gossamer rune of Zot
 47572 | Vaults:1 | Entered Level 1 of the Vaults
 48368 | Vaults:2 | Reached XP level 20. HP: 98/122 MP: 37/37
 48432 | Vaults:2 | Noticed Jory
 48598 | Vaults:2 | Learned a level 4 spell: Cause Fear
 48637 | Vaults:2 | Noticed Sojobo
 48640 | Vaults:2 | Killed Sojobo
 49145 | Vaults:2 | Reached skill level 15 in Dodging
 49349 | Vaults:2 | Found a gateway to a bazaar.
 49556 | Vaults:2 | Found a staircase to the Crypt.
 50403 | Vaults:1 | Found Ycsepn's Assorted Antiques.
 50490 | Vaults:1 | Reached skill level 19 in Hexes
 52058 | Vaults:2 | Killed Jory
 53003 | Vaults:2 | Found a radiant altar of Vehumet.
 53005 | Vaults:2 | Found the -2 hat of the Alchemist {rElec rPois rF+ rC+ rN+
                  | MR+ rMut rCorr}
 53013 | Vaults:2 | Got a transparent hat
 53014 | Vaults:2 | Identified the +2 hat of Jofoxkeu {*Contam +Inv rN+++
                  | Regen+} (You found it on level 2 of the Vaults)
 53050 | Vaults:2 | Got an ancient hat
 53068 | Vaults:2 | Got a scorched hat
 53079 | Vaults:2 | Identified the +2 hat "Earthly Heaven" {rCorr Str+4} (You
                  | found it on level 2 of the Vaults)
 53099 | Vaults:2 | Identified the cursed +0 hat "Opteajan" {Int+3 Dex+5} (You
                  | found it on level 2 of the Vaults)
 53514 | Vaults:3 | Reached XP level 21. HP: 128/128 MP: 39/39
 54423 | Vaults:3 | Learned a level 4 spell: Olgreb's Toxic Radiance
 54427 | Vaults:3 | Learned a level 3 spell: Ignite Poison
 55640 | Vaults:3 | Reached skill level 15 in Spellcasting
 55915 | Vaults:4 | Noticed Xtahua
 55915 | Vaults:4 | Noticed Mara
 56126 | Vaults:4 | Reached skill level 20 in Hexes
 56252 | Vaults:4 | Noticed platon's illusion
 56270 | Vaults:4 | Noticed platon's illusion
 56387 | Vaults:4 | Noticed platon's illusion
 56538 | Vaults:4 | Killed Mara
 56716 | Vaults:4 | Killed Xtahua
 57153 | Vaults:4 | Found Ohotsy's Assorted Antiques.
 57611 | Vaults:4 | Reached XP level 22. HP: 135/135 MP: 41/41
 58005 | Vaults:5 | Entered Level 5 of the Vaults
 58326 | Vaults:5 | Reached skill level 21 in Hexes
 58417 | Vaults:5 | Noticed an ancient lich
 58443 | Vaults:5 | Identified the +9 great sword of Watchfulness {holy, MP+9
                  | Str-5 Int+4}
 58443 | Vaults:5 | Identified the +7 scale mail "Dearchot" {+Fly Dex+6}
 59066 | Elf:1    | Entered Level 1 of the Elven Halls
 59319 | Elf:1    | Noticed Asterion
 59364 | Elf:1    | Killed Asterion
 60620 | Elf:2    | Found Hinkat's Assorted Antiques.
 61416 | Elf:2    | Found a huge runed translucent gate.
 61416 | Elf:2    | Found a huge runed translucent gate.
 61416 | Elf:2    | Found a huge runed translucent gate.
 61416 | Elf:2    | Found a huge runed translucent gate.
 61416 | Elf:2    | Found a huge runed translucent gate.
 61917 | Elf:2    | Reached XP level 23. HP: 142/142 MP: 43/43
 62409 | Elf:3    | Entered Level 3 of the Elven Halls
 62568 | Elf:3    | Reached skill level 5 in Long Blades
 63266 | Elf:3    | Identified the cursed +0 leather armour of Understanding
                  | {rC+ MR++ Dex-3}
 63337 | Elf:3    | Reached skill level 1 in Transmutations
 64017 | Elf:3    | Identified the +7 dagger "Jen Buec" {pain, *Drain +Inv
                  | Str+9 Int-5}
 64033 | Elf:3    | Identified the +5 morningstar "Dit Esuw" {flame, rPois}
 64178 | Elf:3    | Reached skill level 1 in Fire Magic
 64214 | Elf:3    | Reached skill level 22 in Hexes
 64222 | Elf:3    | Killed from afar by a deep elf annihilator

Illustrated notes

Levels and vault maps discovered:
D:1:      erik_arrival_cave_to_civilisation [erik_arrival_cave_to_temple],
          layout_basic
D:2:      minmay_roachtagon, layout_rooms, uniq_terence
D:3:      cheibrodos_greedy_goblins, layout_basic, nicolae_gozag_seed_capital,
          gammafunk_ghost_smash
D:4:      layout_cave_pods, vehumet_statue
D:5:      layout_basic, tso_oasis_becter
D:6:      layout_basic, kennysheep_mini, old_standard_altar
D:7:      layout_rooms, lemuel_round_altar, temple_hall, basic_altar,
          uniq_crazy_yiuf_cottage, uniq_menkaure, uniq_pikel
D:8:      layout_rooms, nicolae_overflow_crystal_walls, serial_shops,
          nicolae_shop_stone, minmay_the_grid_2x2 [minmay_the_grid_doors,
          minmay_the_grid_spikes, minmay_the_grid_dragon_a,
          minmay_the_grid_prize_trominoes]
D:9:      layout_basic, lemuel_doored_altar,
          chequers_temple_overflow_statue_of_worship, uniq_grum, uniq_psyche,
          uniq_erica
D:10:     layout_stronghold, orc_0_dummy
D:11:     gammafunk_jiyva_shrine, layout_basic, dpeg_lair_monsters,
          minmay_rotating_lava, uniq_fannar
D:12:     minmay_separated_statues, layout_gridville
D:13:     layout_big_octagon, lightli_vaults_fourway_checkpoint,
          minmay_pinched_square, uniq_frances, uniq_urug
D:14:     layout_rooms
D:15:     grunt_enter_depths_hoard, layout_loops_ring, serial_shops,
          nicolae_shop_trees, kennysheep_flooded_box, serial_park_tiny_1
Temple:   jpeg_temple_clearing
Lair:1:   layout_hall_layers, gauntlet_entry_generic, grunt_forest_stairs_basic,
          cheibrodos_lair_lostbears
Lair:2:   layout_chaotic_city, lemuel_fruit_tree, lemuel_fruit_fields
Lair:3:   layout_small_grid, dummy_spider_entry, infiniplex_staircase_pool,
          serial_bayou_shore_a, grunt_megastairs_5, minmay_lair_oklob_chamber
Lair:4:   layout_long_grid, minmay_shoals_entry_centaurs,
          chequers_serial_rivers_micro_d, minmay_holes
Lair:5:   cheibrodos_lair_river_kwai, layout_regular_city,
          nicolae_lair_grove_arrangements
Lair:6:   evilmike_catoblepas_cave, layout_loops_ring, slime_altar_2,
          ebering_ghost_disaster_area, grunt_forest_large_clearings
Shoals:1: layout_shoals, serial_shops, nicolae_shop_behind_doors, ldierk_geyser,
          uniq_nikola
Shoals:2: layout_shoals, nicolae_shoals_undead_eyrie
Shoals:3: layout_shoals, ebering_ghost_disaster_area,
          portal_ice_cave_entry_ice_statue_one, nicolae_shoals_aquamancer_cove,
          uniq_polyphemus
Shoals:4: shoals_end_simple, layout_shoals, serial_shops,
          nicolae_shop_waterfront, shop
Spider:1: layout_spider_delve, hangedman_spider_trapstep
Spider:2: layout_spider_delve
Spider:3: layout_chambers, drop_trap, guppyfry_spider_mini_1
Spider:4: grunt_spider_rune_circles, nicolae_looking_at_the_future,
          nicolae_spider_cling_ruins
Orc:1:    layout_caves, uniq_gastronok
Orc:2:    pubby_orc_utopia
Elf:1:    layout_gridlike, minmay_elf_crystal_heptagon, uniq_asterion
Elf:2:    layout_geoelf_octagon, serial_shops, shop, nrook_uturn
Elf:3:    minmay_elf_hall_hex, layout_geoelf_castle
Vaults:1: nicolae_vaults_windows_and_doors_thing, vaults_room_door_ring,
          vaults_room_octagon, vaults_room_hangedman_quadrants,
          ontoclasm_vaults_spin, v_pattern_2, ontoclasm_vaults_ring_small,
          nicolae_vaults_what_the_h, nicolae_vaults_angled_halls,
          grunt_vaults_hallway_long, hangedman_vaults_stagger,
          grunt_vaults_diagonal, nicolae_vaults_stairing_the_circle,
          vaults_room_door_ring, layout_vaults_omnicross, serial_shops, shop
Vaults:2: hangedman_vaults_slither, v_misc_1, hangedman_vaults_unwind,
          grunt_tower_of_power, grunt_vaults_hallway_short,
          nicolae_vaults_little_squares_6, vaults_dpeg_encased_lava,
          minmay_crypt_entry_simple_box, v_misc_3, hangedman_vaults_variations,
          nicolae_vaults_theta, nicolae_vaults_specimen_jars,
          vaults_room_stairs_pillars, v_misc_17,
          nicolae_vaults_little_squares_1, v_misc_23,
          nicolae_vaults_little_squares_1, nicolae_vaults_shelves_hall,
          vaults_mumra_hex, nicolae_vaults_gold_heap, layout_vaults_omnibox,
          serial_shops, bzr_entry_customers, uniq_jory, uniq_sojobo
Vaults:3: nicolae_vaults_arrows, hangedman_vaults_cutoff, nicolae_vaults_big_ls,
          hangedman_vaults_nails, nicolae_vaults_theta, vaults_dpeg_diagonal,
          v_misc_8, nicolae_vaults_little_squares_6, vaults_dpeg_spiral,
          nicolae_vaults_little_squares_6, nicolae_vaults_three_branches,
          layout_vaults_omnigrid
Vaults:4: nicolae_vaults_inception_network, nicolae_vaults_yaktaur_gun_rack,
          vaults_room_door_ring, v_misc_10, ontoclasm_vaults_idyll,
          hangedman_vaults_hat, hangedman_vaults_nails, ontoclasm_vaults_fault,
          ontoclasm_vaults_ring_square, hangedman_vaults_slice, v_misc_3,
          vaults_room_pools, hangedman_vaults_stretched_pinwheel,
          ontoclasm_vaults_pinch, layout_vaults_maze_bifur, serial_shops, shop,
          uniq_xtahua, uniq_mara
Vaults:5

Skill      XL: |  1  2  3  4  5  6  7  8  9 10 11 12 13 14 15 16 17 18 19 20 21 22 23 |
---------------+----------------------------------------------------------------------+-----
Fighting       | 3 4 5 6 7 8 9 10 11 12 13 14 | 14.4
Armour         | 1 2 3 4 5 6 7 8 9 10 11 12 13 | 13.2
Spellcasting   | 1 2 3 4 5 6 7 9 10 11 12 13 14 15 16 | 16.8
Dodging        | 3 4 5 6 7 8 9 10 11 12 13 14 15 16 17 | 17.1
Short Blades   | 3 4 5 6 7 8 9 10 11 | 11.7
Throwing       | 1 2 5 |  5.9
Hexes          | 2 5 6 8 10 12 13 14 16 17 18 19 20 21 22 | 22.0
Stealth        | 8 9 10 11 13 14 15 17 18 19 20 | 20.0
Poison Magic   | 1 2 4 5 6 |  6.7
Ice Magic      | 1 2 3 4 5 6 |  6.2
Air Magic      | 1 3 4 |  4.9
Evocations     | 1 3 |  3.0
Long Blades    | 2 3 4 5 |  5.1
Conjurations   | 1 2 |  2.0
Transmutations | 1 |  1.4
Fire Magic     | 1 |  1.2
Translocations | |  0.3
Invocations    | |  0.1

Action                   |  1- 3 |  4- 6 |  7- 9 | 10-12 | 13-15 | 16-18 | 19-21 | 22-24 || total
-------------------------+-------+-------+-------+-------+-------+-------+-------+-------++-------
Melee: Short sword       |    20 |   125 |   596 |   859 |   616 |       |       |       ||  2216
       Bite              |     1 |    17 |    75 |   135 |   324 |   287 |   295 |   100 ||  1234
       Dagger            |       |       |    18 |    20 |  1158 |  1502 |  2006 |   750 ||  5454
       Falchion          |       |       |       |       |       |   115 |    81 |   104 ||   300
Throw: Javelin           |     6 |     9 |     4 |     1 |       |    12 |    63 |     1 ||    96
       Dart              |       |     5 |    10 |    50 |    42 |    19 |     4 |       ||   130
       Boomerang         |       |       |       |     2 |       |       |       |       ||     2
       Throwing net      |       |       |       |       |       |       |    10 |       ||    10
 Cast: Confusing Touch   |       |       |     8 |    14 |    19 |    28 |    64 |    23 ||   156
       Ensorcelled Hiber |       |       |    17 |    65 |   102 |   133 |   107 |    50 ||   474
       Tukima's Dance    |       |       |     8 |    53 |    22 |    40 |    47 |     6 ||   176
       Mephitic Cloud    |       |       |       |     6 |    32 |    26 |    39 |    17 ||   120
       Blink             |       |       |       |       |     6 |       |       |       ||     6
       Summon Guardian G |       |       |       |       |       |       |     3 |     1 ||     4
       Slow              |       |       |       |       |       |       |     1 |       ||     1
       Cause Fear        |       |       |       |       |       |       |     1 |     2 ||     3
       Ignite Poison     |       |       |       |       |       |       |       |    24 ||    24
       Olgreb's Toxic Ra |       |       |       |       |       |       |       |    26 ||    26
Invok: Shadow Step       |       |       |       |     3 |       |     1 |     1 |       ||     5
 Abil: Exsanguinate      |     1 |       |       |       |       |       |       |       ||     1
Evoke: Wand              |       |       |     1 |       |     4 |     5 |     2 |       ||    12
  Use: Potion            |     1 |       |     1 |     3 |     9 |    13 |     9 |     8 ||    44
       Scroll            |       |       |     8 |    15 |    17 |    13 |    17 |     8 ||    78
 Stab: Sleeping          |     2 |    17 |    51 |    96 |   139 |   160 |   221 |   108 ||   794
       Confused          |       |       |     6 |    25 |    64 |    46 |   123 |    37 ||   301
       Distracted        |       |       |       |     7 |    20 |    20 |    15 |     4 ||    66
       Invisible         |       |       |       |       |       |       |     3 |       ||     3
       Held in net/web   |       |       |       |       |       |       |     7 |       ||     7
       Fleeing           |       |       |       |       |       |       |       |     2 ||     2
Armor: Leather armour    |     2 |    12 |   112 |    94 |       |       |       |       ||   220
       Troll leather arm |       |       |       |    43 |   275 |   195 |       |       ||   513
       Scale mail        |       |       |       |       |       |   181 |   567 |   355 ||  1103
Dodge: Dodged            |    10 |    57 |   568 |   597 |  1484 |  1425 |  1260 |   552 ||  5953
Block: Other             |       |       |     9 |   170 |   345 |   258 |   284 |   142 ||  1208
       Reflection        |       |       |       |     3 |     5 |    17 |     6 |     5 ||    36
       Rpst.: Falchion   |       |       |       |       |       |    39 |    24 |    25 ||    88

Table legend: (Time is in decaauts)
 A = Elapsed time spent in this place.
 B = Non-inter-level travel time spent in this place.
 C = Inter-level travel time spent in this place.
 D = Time resting spent in this place.
 E = Time spent auto-exploring this place.
 F = Levels seen in this place.
 G = Mean time per level.
                   A        B        C        D        E       F      G
               +--------+--------+--------+--------+--------+-----+--------+
         Total |  63731 |  60323 |   3408 |  14585 |  20743 |  42 | 1517.4 |
       Dungeon |  21529 |  19982 |   1547 |   4727 |   7942 |  15 | 1435.3 |
        Temple |    177 |    169 |      8 |      0 |    162 |   1 |  177.0 |
          Lair |   7032 |   6438 |    594 |    538 |   3788 |   6 | 1172.0 |
        Shoals |   5720 |   5413 |    307 |   1072 |   1076 |   4 | 1430.0 |
   Spider Nest |   6571 |   6261 |    310 |   1796 |   2103 |   4 | 1642.8 |
  Orcish Mines |   4695 |   4459 |    236 |   1321 |    989 |   2 | 2347.5 |
   Elven Halls |   5116 |   5045 |     71 |   1419 |   1359 |   3 | 1705.3 |
        Vaults |  11052 |  10720 |    332 |   2892 |   3239 |   5 | 2210.4 |
      Ice Cave |   1441 |   1441 |      0 |    745 |     18 |   1 | 1441.0 |
      Gauntlet |    395 |    395 |      0 |     73 |     64 |   1 |  395.0 |
               +--------+--------+--------+--------+--------+-----+--------+

Top non-repeatable levels by time:
Vaults:2: 4171 daAuts
   Orc:2: 3458 daAuts
Spider:4: 2626 daAuts
Vaults:3: 2567 daAuts
     D:6: 2471 daAuts
Vaults:4: 2177 daAuts
     D:5: 2137 daAuts
   Elf:2: 2001 daAuts
     D:8: 1977 daAuts
Shoals:4: 1858 daAuts
  Lair:3: 1819 daAuts
    D:11: 1818 daAuts
     D:4: 1792 daAuts
   Elf:3: 1786 daAuts
Vaults:1: 1778 daAuts
